 Dungeon Crawl Stone Soup version 0.22-a0-135-g6f012ad (webtiles) character file.

196 tsouns the Firebug (level 6, 0/32 HPs)
             Began as a Kobold Fire Elementalist on Jan 31, 2018.
             Slain by Edmund
             ... wielding a +2 flail of venom
              (12 damage)
             ... on level 3 of the Dungeon on Feb 1, 2018.
             The game lasted 00:08:12 (2884 turns).

tsouns the Firebug (Kobold Fire Elementalist)       Turns: 2884, Time: 00:08:13

Health: 0/32       AC:  2    Str:  5    XL:     6   Next: 4%
Magic:  1/11       EV: 15    Int: 18    God:
Gold:   119        SH:  0    Dex: 16    Spells: 2/12 levels left

rFire    . . .     SeeInvis .   r - +1 mace (protect)
rCold    . . .     Gourm    .   (shield restricted)
rNeg     . . .     Faith    .   a - +0 robe
rPois    .         Spirit   .   (no helmet)
rElec    .         Reflect  .   (no cloak)
rCorr    .         Harm     .   (no gloves)
MR       .....                  (no boots)
Stlth    ++........             (no amulet)
HPRegen  0.10/turn              (no ring)
MPRegen  0.12/turn              (no ring)

@: lethally poisoned (0 -> -1)
A: small, carnivore
a: no special abilities


You were on level 3 of the Dungeon.
You were very full.

You visited 1 branch of the dungeon, and saw 4 of its levels.

You collected 119 gold pieces.

Inventory:

Hand Weapons
 e - a +0 dagger
 g - a +0 spear
 r - a +1 mace of protection (weapon)
Missiles
 d - 8 tomahawks (quivered)
Armour
 a - a +0 robe (worn)
Wands
 i - a wand of clouds (4)
Scrolls
 h - 4 scrolls of remove curse
 l - 3 scrolls of random uselessness
 s - a scroll of teleportation
Potions
 f - a potion of haste
 j - 2 potions of flight
 k - 2 potions of degeneration
 m - 3 potions of curing
 n - a potion of resistance {unknown}
 o - a potion of brilliance {unknown}
 p - a potion of heal wounds {unknown}
 q - 3 potions of might {unknown}
Books
 b - a book of Flames

   Spells                             Type                      Level
   a - Flame Tongue                   Conjuration/Fire             1
   b - Throw Flame                    Conjuration/Fire             2
   c - Conjure Flame                  Conjuration/Fire             3
   d - Inner Flame                    Hexes/Fire                   3
   e - Sticky Flame                   Conjuration/Fire             4
   f - Fireball                       Conjuration/Fire             5
Comestibles
 c - 7 rations


   Skills:
 - Level 2.4 Dodging
 - Level 2.6 Stealth
 + Level 3.8 Spellcasting
 + Level 3.1 Conjurations
 + Level 4.3 Fire Magic


You had 2 spell levels left.
You knew the following spells:

 Your Spells              Type           Power        Failure   Level  Hunger
a - Flame Tongue          Conj/Fire      ###..        3%          1    None
b - Throw Flame           Conj/Fire      ###...       4%          2    ##.....
c - Conjure Flame         Conj/Fire      ###.....     10%         3    ###....
d - Sticky Flame          Conj/Fire      ###.....     32%         4    ####...


Dungeon Overview and Level Annotations

Branches:
Dungeon (4/15)
 Temple: D:4-7

Altars:
Okawaru
The Shining One

Annotations:
D:3 Edmund


Innate Abilities, Weirdness & Mutations

You are small and have problems with some larger weapons.
You are carnivorous and can eat meat at any time.


Message History

You feel sick.
You feel sick.
You feel sick.
Edmund gestures with his flail.
You feel sick.
You feel sick.
You feel sick.
Edmund says, "You wouldn't believe how much I paid for this flail."
Edmund clears his throat.
You feel sick.
Casting: Flame Tongue (safe; 3% risk of failure)
Confirm with . or Enter, or press ? or * to list all spells.
Aiming: Sticky Flame (quite dangerous; 32% risk of failure)
Press: ? - help, Shift-Dir - straight line, f - Edmund
Aim: Edmund, wielding a flail of venom and wearing a glowing leather armour (lightly wounded)
The sticky flame hits Edmund.
Edmund resists.
Edmund is moderately wounded.
Edmund is covered in liquid flames!
You feel sick.
Edmund burns!
Edmund hits you with a flail of venom!
You die...

######### #.......# # #######
#.......# # #.....# #.......# #
#.....# #.......#
########.....###.......# #
.......................##########
.####..........@@................
.............####.####.##########
.....###.....##.....##.## #
.......#.....#......[#..####### #
######.......#.......#........###
########........._............#..
.......####..#.......#..........#
.......# ##.#.......#.#.......##
......[#####.##.....##........##


You could see Edmund (burning).

Vanquished Creatures
  An orc priest (D:3)
  An iguana (D:4)
  A worker ant (D:2)
  3 adders
  An ooze (D:1)
  2 worms
  4 dart slugs
  A leopard gecko (D:1)
  5 orcs
  A bat skeleton (D:2)
  9 goblins
  8 hobgoblins
  3 jackals (D:2)
  7 kobolds
  3 ball pythons
  4 bats
  10 frilled lizards
  10 rats
74 creatures vanquished.

Notes
Turn   | Place    | Note
-------+----------+-------------------------------------------
     0 | D:1      | tsouns the Kobold Fire Elementalist began the quest for the Orb.
     0 | D:1      | Reached XP level 1. HP: 10/10 MP: 3/3
    86 | D:1      | Reached XP level 2. HP: 9/15 MP: 3/5
   434 | D:1      | Reached XP level 3. HP: 19/19 MP: 4/6
   584 | D:1      | Learned a level 2 spell: Throw Flame
   588 | D:1      | Learned a level 3 spell: Conjure Flame
   917 | D:2      | Reached XP level 4. HP: 21/24 MP: 0/8
   971 | D:2      | Found an iron altar of Okawaru.
  1448 | D:2      | Reached XP level 5. HP: 24/28 MP: 4/9
  1787 | D:3      | Reached skill level 4 in Fire Magic
  1863 | D:3      | Found a glowing golden altar of the Shining One.
  2460 | D:3      | Learned a level 4 spell: Sticky Flame
  2771 | D:4      | Reached XP level 6. HP: 32/32 MP: 4/11
  2839 | D:4      | Noticed Edmund
  2884 | D:3      | Slain by Edmund

Vault maps used:
D:1:      roderic_chinese_lattice_arrival
D:2:      overflow_temple_1_default, first_ration, minmay_domino_2
D:3:      cheibrodos_old_hovel, old_standard_altar
D:4:      minmay_temple_entry_from_below_a, hangedman_decor_slide_cut,
          nemelex_dance_club_becter, uniq_edmund

Skill      XL: |  1  2  3  4  5 |
---------------+----------------+-----
Conjurations   | 2 3 |  3.1
Spellcasting   | 3 |  3.8
Fire Magic     | 4 |  4.3
Dodging        | |  2.4
Stealth        | |  2.6

Action                   |  1- 3 |  4- 6 || total
-------------------------+-------+-------++-------
Melee: Dagger            |    11 |       ||    11
       Unarmed           |     3 |       ||     3
       Spear             |    16 |    28 ||    44
 Cast: Flame Tongue      |    52 |    69 ||   121
       Throw Flame       |       |    11 ||    11
       Sticky Flame      |       |     1 ||     1
  Use: Scroll            |     6 |     6 ||    12
 Stab: Sleeping          |     1 |     2 ||     3
  Eat: Chunk             |     9 |     4 ||    13
Armor: Robe              |     9 |     4 ||    13
Dodge: Dodged            |    28 |    40 ||    68

Table legend:
 A = Spawn XP
 B = Non-spawn XP
 C = Spawn XP percentage of total XP
 D = Spawn monster count
 E = Non-spawn monster count
 F = Spawn count percentage of total count
 G = Total turns spent on level
                    A         B        C        D         E        F      G
               +---------+---------+-------+---------+---------+-------+---------
         Total |       0 |     281 |   0.0 |       0 |      74 |   0.0 |  2884
               +---------+---------+-------+---------+---------+-------+---------
           D:1 |       0 |      62 |   0.0 |       0 |      32 |   0.0 |   909
           D:2 |       0 |      90 |   0.0 |       0 |      20 |   0.0 |  1247
           D:3 |       0 |      85 |   0.0 |       0 |      18 |   0.0 |   677
           D:4 |       0 |      44 |   0.0 |       0 |       4 |   0.0 |    51
               +---------+---------+-------+---------+---------+-------+---------
